 Dungeon Crawl Stone Soup version 0.24-a0-180-g654ca03 (webtiles) character file.

Game seed: 16207193055609202102

36 poesravej the Chiller (level 3, 0/24 HPs)
             Began as a Human Ice Elementalist on Mar 13, 2019.
             Slain by a goblin
             ... wielding a +0 club
              (2 damage)
             ... on level 2 of the Dungeon.
             The game lasted 00:10:53 (1416 turns).

poesravej the Chiller (Human Ice Elementalist)      Turns: 1416, Time: 00:10:53

Health: 0/24       AC:  2    Str:  8    XL:     3   Next: 57%
Magic:  1/7        EV: 12    Int: 16    God:
Gold:   111        SH:  0    Dex: 13    Spells: 6/7 levels left

rFire    . . .     SeeInvis .   (no weapon)
rCold    . . .     Gourm    .   (no shield)
rNeg     . . .     Faith    .   a - +0 robe
rPois    .         Spirit   .   (no helmet)
rElec    .         Reflect  .   (no cloak)
rCorr    .         Harm     .   (no gloves)
MR       .....                  (no boots)
Stlth    ++........             (no amulet)
HPRegen  0.08/turn              (no ring)
MPRegen  0.10/turn              (no ring)

@: no status effects
A: no striking features
a: no special abilities


You were on level 2 of the Dungeon.
You were not hungry.

You visited 1 branch of the dungeon, and saw 2 of its levels.

You collected 111 gold pieces.

Inventory:

Armour
 a - a +0 robe (worn)
Jewellery
 i - an uncursed ring of flight {unknown}
Scrolls
 b - a scroll of immolation {unknown}
 e - 2 scrolls of amnesia {unknown}
 g - a scroll of fear {unknown}
 h - 3 scrolls of identify {unknown}
Potions
 d - a potion of might {unknown}
 f - a potion of brilliance {unknown}
 j - a potion of mutation {unknown}
 k - 2 potions of curing {unknown}
 l - a potion of flight {unknown}
Comestibles
 c - 2 rations


   Skills:
 + Level 2.1 Dodging
 + Level 2.1 Stealth
 + Level 2.8 Spellcasting
   Level 1.0 Conjurations
 + Level 3.5 Ice Magic


You had 6 spell levels left.
You knew the following spells:

 Your Spells              Type           Power        Failure   Level  Hunger
a - Freeze                Ice            ##..         4%          1    #......

Your spell library contained the following spells:

 Spells                   Type           Power        Failure   Level  Hunger
 Throw Frost              Conj/Ice       #.....       12%         2    ##.....
 Ozocubu's Armour         Chrm/Ice       #.......     28%         3    ###....
 Throw Icicle             Conj/Ice       #.......     58%         4    #####..
 Summon Ice Beast         Ice/Summ       #.......     67%         4    #####..


Dungeon Overview and Level Annotations

Branches:
Dungeon (2/15)

Altars:


Message History

The goblin shouts!
You feel sick.
You feel sick.
You are no longer poisoned.
The goblin hits you with a +0 club.
* * * LOW HITPOINT WARNING * * *
The goblin barely misses you.
Casting: Freeze (safe; 4% risk of failure)
Confirm with . or Enter, or press ? or * to list all spells.
Aiming: Freeze (safe; 4% risk of failure)
Press: ? - help, Shift-Dir - straight line, f - goblin
Aim: a goblin, wielding a +0 club You freeze the goblin.
The goblin is moderately wounded.
The goblin hits you but does no damage. The goblin barely misses you.
The goblin closely misses you.
You see here a bat corpse.
The goblin hits you with a +0 club.
You die...

###.. ###....
#...... #......
##### #......
#.#.# #......
#...#
.$.....#####g#.#
#.†<.@...#
#.#)...###
#'#.###....#
...## .####
..... ..
.......# .#.
##...... .#.#
.......## .# #
##.....#


You could see a goblin.

Vanquished Creatures
  An adder (D:2)
  2 oozes (D:1)
  A dart slug (D:1)
  2 bats
  2 hobgoblins
  4 jackals (D:1)
  A frilled lizard (D:1)
  A goblin (D:1)
  A kobold (D:1)
  2 rats (D:1)
17 creatures vanquished.

Notes
Turn   | Place    | Note
-------+----------+-------------------------------------------
     0 | D:1      | poesravej the Human Ice Elementalist began the quest for
                  | the Orb.
     0 | D:1      | Reached XP level 1. HP: 13/13 MP: 3/3
   243 | D:1      | Reached XP level 2. HP: 2/19 MP: 0/5
  1076 | D:1      | Reached XP level 3. HP: 20/24 MP: 4/6
  1407 | D:2      | HP: 1/24 [goblin/+0 club (3)]
  1416 | D:2      | Slain by a goblin

Levels and vault maps discovered:
D:1:      matt_arrival_refuge, layout_loops_ring
D:2:      layout_basic, chequers_ecumenical_altar_island

Action                   || total
-------------------------++-------
Melee: Unarmed           ||     8
 Cast: Freeze            ||    39
  Eat: Ration            ||     1
Armor: Robe              ||    26
Dodge: Dodged            ||    84

Table legend:
 A = Non-vault XP
 B = Vault XP
 C = Vault XP percentage of total XP
 D = Non-vault monster count
 E = Vault monster count
 F = Vault count percentage of total count
                 A         B        C        D         E       F
            +---------+---------+-------+---------+---------+-------
      Total |      52 |       0 |   0.0 |      17 |       0 |   0.0
            +---------+---------+-------+---------+---------+-------
        D:1 |      35 |       0 |   0.0 |      14 |       0 |   0.0
        D:2 |      17 |       0 |   0.0 |       3 |       0 |   0.0
            +---------+---------+-------+---------+---------+-------
